 Dungeon Crawl Stone Soup version 0.27.1-1-g398f81649c (webtiles) character file.

Game seed: 13014091161182445657

207 Metae the Covered (level 5, -1/48 HPs)
             Began as a Minotaur Fighter on Sept 10, 2021.
             Succumbed to a gnoll's poison
             ... on level 3 of the Dungeon.
             The game lasted 00:04:14 (2214 turns).

Metae the Covered (Minotaur Fighter)                Turns: 2214, Time: 00:04:14

Health: -1/48      AC:  7    Str: 22    XL:     5   Next: 54%
Magic:  4/4        EV:  7    Int:  5    God:
Gold:   126        SH:  9    Dex:  9    Spells: 4/4 levels left

rFire    . . .     SeeInvis .   a - +0 trident
rCold    + . .     Faith    .   c - +0 kite shield
rNeg     . . .     Spirit   .   l - +0 scale mail
rPois    .         Reflect  .   (helmet restricted)
rElec    .         Harm     .   (no cloak)
rCorr    .         Rampage  .   (no gloves)
Will     .....                  (no boots)
Stlth    ..........             (no amulet)
HPRegen  0.16/turn              g - ring of protection from cold
MPRegen  0.09/turn              (no ring)

@: lethally poisoned (-1 -> -13)
A: horns 2, retaliatory headbutt
a: no special abilities


You were on level 3 of the Dungeon.
You visited 1 branch of the dungeon, and saw 3 of its levels.

You collected 126 gold pieces.

Inventory:

Hand Weapons
 a - a +0 trident (weapon)
 b - a +0 hunting sling
 k - a +1 dagger of venom
Missiles
 h - 75 stones (quivered)
 j - 44 sling bullets
Armour
 c - a +0 kite shield (worn)
 l - a +0 scale mail (worn)
Magical Staves
 i - a staff of earth
 m - a staff of death
Jewellery
 g - a ring of protection from cold (left hand)
Scrolls
 e - 8 scrolls of identify {unknown}
Potions
 d - a potion of might
 f - a potion of invisibility {unknown}
 n - a potion of mutation {unknown}


   Skills:
 * Level 5.2 Fighting
 + Level 3.5 Polearms
 * Level 5.3 Armour
 + Level 4.5 Shields


You had 4 spell levels left.
You didn't know any spells.
Your spell library was empty.

Dungeon Overview and Level Annotations

Branches:
Dungeon (3/15)

Altars:


Innate Abilities, Weirdness & Mutations

You have a pair of horns on your head.
You reflexively headbutt those who attack you in melee.


Message History

The gnoll is almost dead.
You block the gnoll's attack.
You hit the gnoll.
You kill the gnoll!
You see here a +0 spear.
You see here a +0 spear.
Things that are here:
a +0 spear; a +0 ring mail You see here a +0 spear.
A gnoll comes into view.
It is wielding a +0 halberd and quivering poisoned darts.
The gnoll shouts!
You hear a shout!
You block the gnoll's attack.
You reach to attack!
You closely miss the gnoll.
The gnoll hits you from afar with a +0 halberd!
An orc priest comes into view. It is wielding a +0 club.
You are too injured to fight recklessly!
You are too injured to fight recklessly!
You are too injured to fight recklessly!
You block the gnoll's attack.
The gnoll throws a poisoned dart.
You block the poisoned dart.
The gnoll throws a poisoned dart.
The poisoned dart barely misses you.
The gnoll throws a poisoned dart.
You block the poisoned dart.
You see here a +0 spear.
Things that are here:
a +0 spear; a +0 ring mail
Things that are here:
a +0 club; a +0 whip; a +0 flail The orc priest looks braver for a moment.
The orc priest calls down the wrath of Beogh upon you.
Beogh smites you!
* * * LOW HITPOINT WARNING * * *
Okay, then.
The gnoll throws a poisoned dart.
The poisoned dart hits you!
You are lethally poisoned!
* * * LOW HITPOINT WARNING * * *
You feel sick.
The gnoll throws a poisoned dart.
The poisoned dart hits you!
You are more poisoned.
* * * LOW HITPOINT WARNING * * *
You feel very sick.
You die...

##### #...# ###.#.###
######.......####
#.@....#.#.#....##
#.#.##..###......#
####.#.####.#.####..#
########.....).......####..##
#..))og.......###............
#.######.##.### #.#######..#.
#.# #.##.# #.#........#.
.####.# #.##.# # #........#
....g.# #.#..# #........#


There were no monsters in sight!

Vanquished Creatures
  A gnoll sergeant (D:3)
  2 gnolls (D:3)
  4 adders
  A worm (D:3)
  2 dart slugs
  6 orcs (D:3)
  3 bats
  3 endoplasms
  A giant cockroach (D:2)
  10 goblins
  14 hobgoblins
  3 kobolds
  4 quokkas
  9 ball pythons
  4 frilled lizards (D:2)
  7 rats
74 creatures vanquished.

Vanquished Creatures (others)
  A hobgoblin (D:1)
1 creature vanquished.

Grand Total: 75 creatures vanquished

Notes
Turn   | Place    | Note
-------+----------+-------------------------------------------
     0 | D:1      | Metae the Minotaur Fighter began the quest for the Orb.
     0 | D:1      | Reached XP level 1. HP: 19/19 MP: 0/0
   182 | D:1      | Reached XP level 2. HP: 27/27 MP: 1/1
   884 | D:2      | Reached XP level 3. HP: 26/33 MP: 2/2
  1239 | D:2      | Reached XP level 4. HP: 41/41 MP: 3/3
  2148 | D:3      | Noticed a gnoll sergeant
  2173 | D:3      | Reached skill level 5 in Armour
  2179 | D:3      | Killed a gnoll sergeant
  2180 | D:3      | Reached skill level 5 in Fighting
  2180 | D:3      | Reached XP level 5. HP: 24/48 MP: 4/4
  2213 | D:3      | HP: 2/48 [poisoned by a gnoll]
  2214 | D:3      | Succumbed to a gnoll's poison

Illustrated notes

Levels and vault maps discovered:
D:1:      shiori_arrival_oz, layout_basic
D:2:      layout_loops_ring, serial_bayou_pond_b
D:3:      cheibrodos_greedy_goblins, layout_loops_ring

Skill      XL: |  1  2  3  4 |
---------------+-------------+-----
Armour         | 4 5 |  5.3
Fighting       | 4 5 |  5.2
Shields        | 4 |  4.5
Polearms       | 3 |  3.5

Action                   |  1- 3 |  4- 6 || total
-------------------------+-------+-------++-------
Melee: Trident           |    89 |    91 ||   180
       Headbutt          |     9 |    10 ||    19
Armor: Scale mail        |    32 |    22 ||    54
Dodge: Dodged            |    17 |    25 ||    42
Block: Kite shield       |    33 |    39 ||    72
